 Dungeon Crawl Stone Soup version 0.22.1-2-g9c5b331 (webtiles) character file.

20278 diana the Fencer (level 12, -22/112 HPs)
             Began as a Green Draconian Gladiator on Nov 20, 2018.
             Was a High Priest of Ru.
             Annihilated by an orc warrior
             ... wielding a +0 halberd
             ... led by an orc knight
              (45 damage)
             ... on level 1 of the Orcish Mines.
             The game lasted 00:23:24 (13655 turns).

diana the Fencer (Green Draconian Gladiator)       Turns: 13655, Time: 00:23:25

Health: -22/112    AC: 12    Str: 21    XL:     12   Next: 43%
Magic:  12/12      EV: 15    Int: 12    God:    Ru [*****.]
Gold:   864        SH:  0    Dex: 14    Spells: 11/11 levels left

rFire    x . .     SeeInvis .   C - +3 great sword
rCold    . . .     Gourm    .   (shield currently unavailable)
rNeg     . . .     Faith    .   (armour unavailable)
rPois    +         Spirit   .   b - +0 hat
rElec    .         Reflect  .   z - scarf {cloud immunity}
rCorr    .         Harm     .   A - +0 pair of gloves
MR       .....                  f - +2 pair of boots {run}
Stlth    +.........             p - amulet of the acrobat
HPRegen  0.28/turn              L - +4 ring of intelligence
MPRegen  0.13/turn              n - ring of protection from cold

@: no scrolls, quick
A: breathe noxious fumes, unfitting armour, poison resistance, cold-blooded,
inability to read while threatened, inability to use devices, temperature
sensitive, AC +8
a: Breathe Noxious Fumes, Draw Out Power, Power Leap, Apocalypse, Renounce
Religion


You were on level 1 of the Orcish Mines.
You worshipped Ru.
Ru was extremely pleased with you.
You were not hungry.

You visited 3 branches of the dungeon, and saw 15 of its levels.

You collected 864 gold pieces.

Inventory:

Hand Weapons
 a - a +0 long sword
 B - a +0 scimitar
 C - a +3 great sword (weapon)
Missiles
 c - 4 throwing nets (quivered)
Armour
 b - a +0 hat (worn)
 f - a +2 pair of boots of running (worn)
 z - a scarf of cloud immunity (worn)
 A - a +0 pair of gloves (worn)
 P - a +2 buckler
Jewellery
 n - a ring of protection from cold (right hand)
 p - an amulet of the acrobat (around neck)
 H - an uncursed ring of positive energy
 K - an uncursed ring of protection from cold
 L - a +4 ring of intelligence (left hand)
Wands
 q - a wand of polymorph (26)
 x - a wand of disintegration (12)
 D - a wand of flame (28)
 F - a wand of enslavement (11)
 I - a wand of iceblast (21)
Scrolls
 h - 3 scrolls of teleportation {unknown}
 j - 5 scrolls of enchant armour
 o - 5 scrolls of remove curse
 r - 5 scrolls of amnesia {unknown}
 t - a scroll of fog {unknown}
 u - a scroll of silence {unknown}
 y - a scroll of fear {unknown}
 G - a scroll of magic mapping {unknown}
 O - a scroll of identify
Potions
 e - a potion of haste
 g - 4 potions of heal wounds
 i - a potion of magic
 k - a potion of berserk rage
 l - 5 potions of curing
 m - 2 potions of brilliance
 s - a potion of might
 v - 2 potions of flight {unknown}
 w - 3 potions of lignification {unknown}
 E - a potion of invisibility {unknown}
 J - 2 potions of agility {unknown}
 M - a potion of degeneration {unknown}
 N - a potion of cancellation {unknown}
Comestibles
 d - 19 rations


   Skills:
 - Level 12.0 Fighting
 * Level 16.2 Long Blades
 - Level 1.7 Throwing
 + Level 5.4 Dodging


You had 11 spell levels left.
You didn't know any spells.
Your spell library was empty.

Dungeon Overview and Level Annotations

Branches:
Dungeon (13/15)            Temple (1/1) D:6            Lair (0/6) D:11
    Orc (1/2) D:12
 Vaults: D:13-14

Altars:
Ashenzari
Cheibriados
Dithmenos
Elyvilon
Fedhas
Gozag
Hepliaklqana
Kikubaaqudgha
Makhleb
Nemelex Xobeh
Okawaru
Qazlal
Ru
Sif Muna
Trog
Uskayaw
Vehumet
Wu Jian
Xom
Yredelemnul
Zin
The Shining One
Beogh

Shops:
D:6 !   D:10 }

Annotations:
D:3 2 transporters, magicm's ghost, amateur CeHu
D:13 PeterLawrence's ghost, journeyman MiFi


Innate Abilities, Weirdness & Mutations

You can breathe blasts of noxious fumes.
Your lurid green scales are hard. (AC +8)
You cannot fit into any form of body armour.
Your system is resistant to poisons. (rPois)
You are cold-blooded and may be slowed by cold attacks.
You cannot read scrolls while threatened.
You cannot study or use magical devices.
You are sensitive to extremes of temperature. (rF-, rC-)


Message History

You tail-slap the orc knight, but do no damage.
The orc knight is almost dead.
Unknown command.
You slash the orc knight!
You kill the orc knight!
The orc warrior hits you with a halberd!!
* * * LOW HITPOINT WARNING * * *
You chop the orc into pieces!!!
You kill the orc!
The orc warrior hits you with a halberd.
* * * LOW HITPOINT WARNING * * *
You closely miss the orc warrior.
The orc warrior is severely wounded.
You slash the orc warrior!
The orc warrior is almost dead.
The orc warrior hits you but does no damage.
You closely miss the orc warrior.
The orc warrior is almost dead.
The orc warrior hits you with a halberd!!!
You die...

##..
#.....###....##
#
.......#..####
.###......#
##.....#
##......###
#.........##
#.....##....#
#....####..$##
##... #@..#
#### #o)###
....# #.#..## #
###


You could see an orc warrior.

Vanquished Creatures
  Harold (D:12)
  A death knight (D:10)
  A tengu warrior (D:10)
  Urug (D:10)
  A deep elf knight (D:12)
  An unseen horror (D:11)
  A wizard (D:12)
  A deep elf mage (D:11)
  2 orc knights
  2 manticores (D:10)
  Joseph (D:12)
  Psyche (D:9)
  2 gargoyles (D:10)
  2 tengu conjurers (D:13)
  3 trolls
  A hornet (D:12)
  A merfolk (D:11)
  8 hippogriffs
  16 yaks
  3 wyverns
  A wraith (D:10)
  A human (D:11)
  Grum (D:11)
  A steam dragon (D:11)
  2 hungry ghosts
  An acid dragon (D:12)
  2 black bears
  An ice beast (D:10)
  5 orc warriors
  A sky beast (D:11)
  8 phantoms
  A necrophage (D:6)
  A hornet zombie (D:11)
  7 ogres
  6 centaurs
  2 wolves (D:11)
  5 bullfrogs
  A gnoll sergeant (D:10)
  6 scorpions
  16 killer bees
  7 wights
  5 howler monkeys
  4 crimson imps
  A bullfrog zombie (D:12)
  6 hounds
  2 quasits
  2 gnoll shamans
  2 jellies
  2 orc priests (D:9)
  2 bullfrog skeletons
  5 centaur skeletons
  2 orc wizards
  Ijyb (D:5)
  7 worker ants
  3 iguanas
  A hound zombie (D:9)
  A hound skeleton (D:10)
  A howler monkey zombie (D:5)
  18 adders
  9 gnolls
  A howler monkey skeleton (D:4)
  7 shadow imps
  3 oozes
  A worm (D:3)
  A dart slug (D:2)
  9 leopard geckos
  68 orcs
  6 bats
  7 giant cockroaches
  5 goblins
  8 hobgoblins
  5 jackals
  11 kobolds
  7 quokkas
  7 frilled lizards
  A quokka skeleton (D:2)
  4 rats
351 creatures vanquished.

Vanquished Creatures (collateral kills)
  A killer bee (D:7)
1 creature vanquished.

Vanquished Creatures (others)
  A gnoll (D:10)
  An orc (D:12)
2 creatures vanquished.

Grand Total: 354 creatures vanquished

Notes
Turn   | Place    | Note
-------+----------+-------------------------------------------
     0 | D:1      | diana the Draconian Gladiator began the quest for the Orb.
     0 | D:1      | Reached XP level 1. HP: 17/17 MP: 1/1
   101 | D:1      | Reached XP level 2. HP: 20/25 MP: 2/2
   193 | D:1      | Reached XP level 3. HP: 20/30 MP: 3/3
   547 | D:2      | Reached skill level 4 in Long Blades
   739 | D:2      | Reached XP level 4. HP: 30/38 MP: 4/4
   826 | D:2      | Found a bloodstained altar of Trog.
  1142 | D:2      | Found a glowing silver altar of Zin.
  1283 | D:3      | Found a transporter.
  1313 | D:3      | Found a transporter.
  1314 | D:3      | Noticed magicm's ghost (amateur CeHu)
  1326 | D:3      | Found an opulent altar of Gozag.
  1327 | D:3      | Found a sparkling altar of Nemelex Xobeh.
  1645 | D:3      | Found an iron altar of Okawaru.
  1866 | D:4      | Reached skill level 5 in Long Blades
  1873 | D:4      | Reached XP level 5. HP: 35/46 MP: 5/5
  2035 | D:4      | Found a basalt altar of Yredelemnul.
  2426 | D:4      | Reached XP level 6. HP: 35/52 MP: 6/6
  2597 | D:4      | Found a hazy altar of Hepliaklqana.
  2996 | D:3      | Reached skill level 6 in Long Blades
  3324 | D:5      | Entered Level 5 of the Dungeon
  3340 | D:5      | Identified a +2 pair of boots of running (You found it on
                  | level 5 of the Dungeon)
  3537 | D:5      | Found a stormy altar of Qazlal.
  3622 | D:5      | Noticed Ijyb
  3637 | D:5      | Killed Ijyb
  3637 | D:5      | Reached skill level 5 in Fighting
  3827 | D:5      | Your scales start taking on a lurid green colour.
  3827 | D:5      | Reached XP level 7. HP: 43/61 MP: 7/7
  3827 | D:5      | Gained mutation: Your system is resistant to poisons.
                  | (rPois) [Green Draconian growth]
  4191 | D:6      | Found Keibinuw's Distillery.
  4238 | D:6      | Found a staircase to the Ecumenical Temple.
  4244 | Temple   | Entered the Ecumenical Temple
  4392 | D:6      | Reached skill level 7 in Long Blades
  4721 | D:6      | Reached skill level 8 in Long Blades
  4728 | D:6      | Reached XP level 8. HP: 18/70 MP: 8/8
  5095 | D:6      | Found a shattered altar of Ashenzari.
  5196 | D:7      | Reached skill level 9 in Long Blades
  5225 | D:7      | Found a burning altar of Makhleb.
  5295 | D:7      | Noticed a hippogriff
  5304 | D:7      | Killed a hippogriff
  5639 | D:7      | Reached skill level 10 in Long Blades
  5681 | D:7      | Reached XP level 9. HP: 80/80 MP: 9/9
  6215 | D:8      | Found a radiant altar of Vehumet.
  6402 | D:8      | Found a sacrificial altar of Ru.
  6423 | D:8      | Became a worshipper of Ru the Awakened
  6508 | D:8      | Reached skill level 11 in Long Blades
  7499 | D:9      | Reached XP level 10. HP: 91/91 MP: 10/10
  7527 | D:9      | Reached skill level 12 in Long Blades
  7548 | D:9      | Gained mutation: You are sensitive to extremes of
                  | temperature. (rF-, rC-) [Ru sacrifice]
  7548 | D:9      | Reached * piety under Ru
  7548 | D:9      | Reached ** piety under Ru
  7610 | D:9      | Noticed Psyche
  7622 | D:9      | Killed Psyche
  7715 | D:9      | Found a roughly hewn altar of Beogh.
  8144 | D:9      | Reached skill level 10 in Fighting
  8599 | D:10     | Entered Level 10 of the Dungeon
  8669 | D:10     | Noticed a gargoyle
  8672 | D:10     | Killed a gargoyle
  8672 | D:10     | Reached skill level 13 in Long Blades
  8777 | D:10     | Found Hener's Gadget Shoppe.
  8905 | D:10     | Noticed a manticore
  8914 | D:10     | Killed a manticore
  9192 | D:10     | Noticed Urug
  9197 | D:10     | Killed Urug
  9198 | D:10     | Noticed a death knight
  9417 | D:9      | Gained mutation: You cannot read scrolls while threatened.
                  | [Ru sacrifice]
  9417 | D:9      | Reached *** piety under Ru
  9417 | D:9      | Reached **** piety under Ru
  9511 | D:10     | Killed a death knight
  9511 | D:10     | Reached XP level 11. HP: 33/102 MP: 11/11
  9878 | D:10     | Noticed a tengu warrior
  9891 | D:10     | Killed a tengu warrior
  9891 | D:10     | Reached skill level 14 in Long Blades
 10630 | D:11     | Found a staircase to the Lair.
 10632 | D:11     | Noticed a deep elf mage
 10642 | D:11     | Killed a deep elf mage
 10669 | D:11     | Noticed Grum
 10681 | D:11     | Killed Grum
 11022 | D:11     | Killed an unseen horror
 11022 | D:11     | Reached skill level 15 in Long Blades
 11480 | D:11     | Noticed a red ugly thing
 12475 | D:12     | Reached XP level 12. HP: 69/112 MP: 12/12
 12674 | D:12     | Found a staircase to the Orcish Mines.
 12689 | D:12     | Gained mutation: You cannot study or use magical devices.
                  | [Ru sacrifice]
 12689 | D:12     | Reached ***** piety under Ru
 12940 | D:12     | Noticed Joseph
 12956 | D:12     | Killed Joseph
 12957 | D:12     | Noticed Harold
 12971 | D:12     | Killed Harold
 13006 | D:12     | Reached skill level 16 in Long Blades
 13006 | D:12     | Reached skill level 5 in Dodging
 13469 | D:13     | Noticed a blizzard demon
 13471 | D:13     | Noticed PeterLawrence's ghost (journeyman MiFi)
 13598 | Orc:1    | Entered Level 1 of the Orcish Mines
 13655 | Orc:1    | Annihilated by an orc warrior

Skill      XL: |  1  2  3  4  5  6  7  8  9 10 11 12 |
---------------+-------------------------------------+-----
Long Blades    | 4 5 6 8 10 11 13 15 16 | 16.2
Fighting       | 3 4 5 6 7 9 11 12 | 12.0
Dodging        | 3 5 |  5.4
Throwing       | |  1.7

Action                   |  1- 3 |  4- 6 |  7- 9 | 10-12 || total
-------------------------+-------+-------+-------+-------++-------
Melee: Long sword        |    77 |   226 |   131 |       ||   434
       Tailslap          |    13 |    44 |    54 |    95 ||   206
       Scimitar          |       |       |   126 |       ||   126
       Great sword       |       |       |    48 |   515 ||   563
Throw: Throwing net      |       |       |     1 |       ||     1
Invok: Sacrifice Words   |       |       |       |     1 ||     1
       Sacrifice Resista |       |       |       |     1 ||     1
       Sacrifice Artific |       |       |       |     1 ||     1
 Abil: Breathe Noxious F |       |       |     3 |     3 ||     6
Evoke: Wand              |       |       |       |     1 ||     1
  Use: Scroll            |       |     6 |       |     4 ||    10
       Potion            |       |       |       |     1 ||     1
 Stab: Sleeping          |     1 |     1 |     4 |     2 ||     8
       Confused          |       |       |     4 |     3 ||     7
       Invisible         |       |       |       |     6 ||     6
       Distracted        |       |       |       |     3 ||     3
       Paralysed         |       |       |       |     2 ||     2
  Eat: Chunk             |       |     6 |    12 |    15 ||    33
       Ration            |       |     1 |       |     2 ||     3
Armor: Skin              |    20 |    45 |    89 |   155 ||   309
Dodge: Dodged            |    53 |   162 |   246 |   349 ||   810
       Rpst.: Long sword |    19 |    63 |    32 |       ||   114
       Scimitar          |       |       |    25 |       ||    25
       Great sword       |       |       |    21 |   101 ||   122
